 Dungeon Crawl Stone Soup version 0.26-a0-252-gb32a1a6195 (webtiles) character file.

Game seed: 4724964082367829119

20 ICC the Skirmisher (level 2, -1/16 HPs)
             Began as a Vine Stalker Fighter on July 9, 2020.
             Slain by a gnoll
             ... wielding a +0 halberd
              (6 damage)
             ... on level 1 of the Dungeon.
             The game lasted 00:02:39 (276 turns).

ICC the Skirmisher (Vine Stalker Fighter)            Turns: 276, Time: 00:02:39

Health: -1/16      AC:  6    Str: 18    XL:     2   Next: 79%
Magic:  0/5        EV:  9    Int:  8    God:
Gold:   29         SH:  0    Dex: 13    Spells: 4/4 levels left

rFire    . . .     SeeInvis .   s - +0 short sword (speed)
rCold    . . .     Faith    .   (no shield)
rNeg     . . .     Spirit   +   b - +0 scale mail
rPois    .         Reflect  .   (no helmet)
rElec    .         Harm     .   (no cloak)
rCorr    .                      (no gloves)
MR       .....                  (no boots)
Stlth    ..........             e - amulet of magic regeneration
HPRegen  0.05/turn              (no ring)
MPRegen  0.34/turn              (no ring)

@: no status effects
A: fangs 2, magic shield, antimagic bite, no potion heal 3, rot immunity
a: no special abilities


You were on level 1 of the Dungeon.
You were not hungry.

You visited 1 branch of the dungeon, and saw 1 of its levels.

You collected 29 gold pieces.

Inventory:

Hand Weapons
 s - a +0 short sword of speed (weapon)
 w - a +0 rapier
Armour
 b - a +0 scale mail (worn)
Jewellery
 e - an amulet of magic regeneration (around neck)
Scrolls
 g - a scroll of fear {unknown}
Potions
 a - a potion of haste {unknown}
 d - a potion of might
Comestibles
 f - 8 rations


   Skills:
 + Level 2.9 Fighting
 + Level 2.1 Short Blades
 - Level 2.4 Armour
   Level 2.6 Shields
 * Level 1.5 Spellcasting


You had 4 spell levels left.
You didn't know any spells.
Your spell library was empty.

Dungeon Overview and Level Annotations

Branches:
Dungeon (1/15)

Altars:


Innate Abilities, Weirdness & Mutations

You have extremely sharp teeth.
When hurt, damage is shared between your health and your magic reserves.
Your bite disrupts and absorbs the magic of your enemies.
Potions cannot restore your health.
You are immune to rotting.


Message History

Drop what? 8/52 slots (_ for help) (? for menu, Esc to quit)
You start removing your armour.
You continue taking off your +0 kite shield. x4
You finish taking off your +0 kite shield.
You drop a +0 kite shield.
A rat comes into view.
You closely miss the rat. You bite the rat.
You kill the rat!
a - a puce potion The gnoll shouts!
The gnoll is too close now for your liking.
You see here a leopard gecko corpse.
You start resting.
The gnoll is too close now for your liking.
You hit the gnoll. You bite the gnoll. You drain its power.
The gnoll is almost dead.
You barely miss the gnoll.
The gnoll is almost dead.
The gnoll hits you with a +0 halberd!
You die...

#.##.###.......#
#..#...........#
##.####.g......#
#.##.#.#.......
#....#.#...g...
#####[#.#.......
#...g.†.#....... #...#
#.#######....$.. #...#
####.#@...# .... ##...#
#....g(.#.# .....#
#.###.###'####
....)######.# #........#
............###..#.....#
.................#.....#
...#####.).#####.#######
...## #....# #.# ##
.(..# #....# #.. #.


You could see a gnoll.

Vanquished Creatures
  An ooze (D:1)
  2 leopard geckos (D:1)
  2 bats (D:1)
  2 jackals (D:1)
  3 kobolds (D:1)
  A goblin (D:1)
  2 rats (D:1)
13 creatures vanquished.

Notes
Turn   | Place    | Note
-------+----------+-------------------------------------------
     0 | D:1      | ICC the Vine Stalker Fighter began the quest for the Orb.
     0 | D:1      | Reached XP level 1. HP: 11/11 MP: 2/2
   102 | D:1      | Reached skill level 1 in Spellcasting
   102 | D:1      | Reached XP level 2. HP: 11/16 MP: 2/4
   276 | D:1      | Slain by a gnoll

Illustrated notes

Levels and vault maps discovered:
D:1:      eino_arrival_water_star, layout_basic, chequers_serial_rivers_room_a,
          minmay_misc_feat_pillars

Skill      XL: |  1 |
---------------+----+-----
Short Blades   | 2 |  2.1
Spellcasting   | 1 |  1.5
Fighting       | |  2.9
Armour         | |  2.4
Shields        | |  2.6

Action                   || total
-------------------------++-------
Melee: Rapier            ||    30
       Bite              ||    12
       Short sword       ||    16
Armor: Scale mail        ||    16
Dodge: Dodged            ||    16
Block: Kite shield       ||    22

Table legend:
 A = Non-vault XP
 B = Vault XP
 C = Vault XP percentage of total XP
 D = Non-vault monster count
 E = Vault monster count
 F = Vault count percentage of total count
                 A         B        C        D         E       F
            +---------+---------+-------+---------+---------+-------
      Total |      29 |       0 |   0.0 |      13 |       0 |   0.0
            +---------+---------+-------+---------+---------+-------
        D:1 |      29 |       0 |   0.0 |      13 |       0 |   0.0
            +---------+---------+-------+---------+---------+-------
